General information
- name: BNet
- type: Ladder team game (AT/RT)
- host: Battle.net
- saver: UndeadNecropoli
map: MarketSquare
- players: 8
- length: 31:03
- speed: Fast
- version: 1.26 W3XP
- replay type: Public
» download(200 KB)
Players
team 1 (loser)
chelsea227 (
pink | 41 APM | 780 actions | 19:11)
5 Demon Hunter
2 Immolation
3 Mana Burn
» actions
| Basic commands | 38 | |
| Build / train | 86 | |
| Enter build submenu | 18 | |
| Enter hero's abilities submenu | 5 | |
| Give item / drop item | 1 | |
| Right click | 263 | |
| Select / deselect | 304 | |
| Use ability | 65 | |
780 total
» units
| Wisp | 16 | |
| Archer | 15 | |
| Druid of the Talon | 13 | |
| Huntress | 5 | |
| Dryad | 9 | |
| Hippogryph | 9 | |
67 total
» upgrades
| Strength of the Moon | 1 | |
| Strength of the Wild | 2 | |
| Improved Bows | 1 | |
| Druid of the Talon Training | 1 | |
| Sentinel | 1 | |
| Abolish Magic | 1 | |
| Reinforced Hides | 1 | |
8 total
» buildings
| Altar of Elders | 1 | |
| Moon Well | 7 | |
| Ancient of War | 2 | |
| Ancient of Wonders | 1 | |
| Tree of Ages | 1 | |
| Hunter's Hall | 1 | |
| Ancient of Wind | 2 | |
| Tree of Life | 2 | |
| Tree of Eternity | 1 | |
| Ancient of Lore | 2 | |
20 total
» build order
00:10 Altar of Elders
00:19 Moon Well
00:48 Moon Well
01:28 Ancient of War
01:50 Moon Well
02:19 Ancient of War
03:13 Moon Well
04:11 Ancient of Wonders
05:16 Tree of Ages
06:01 Hunter's Hall
06:17 Moon Well
06:49 Moon Well
06:52 Moon Well
08:19 Ancient of Wind
08:20 Ancient of Wind
09:04 Tree of Life
11:46 Tree of Eternity
13:33 Tree of Life
14:37 Ancient of Lore
14:38 Ancient of Lore
» items
| Orb of Venom | 1 | |
| Scroll of Town Portal | 2 | |
3 total
TURNCOAT-TRAITO (
red | 83 APM | 2576 actions | 31:02)
5 Goblin Alchemist
3 Chemical Rage
2 Healing Spray
1 Mountain King
1 Bash
» actions
| Assign group hotkey | 44 | |
| Basic commands | 27 | |
| Build / train | 68 | |
| Enter build submenu | 23 | |
| Enter hero's abilities submenu | 6 | |
| Give item / drop item | 1 | |
| Right click | 1051 | |
| Select / deselect | 237 | |
| Select group hotkey | 1052 | |
| Use ability | 67 | |
2576 total
» units
| Acolyte | 2 | |
| Ghoul | 5 | |
| Gargoyle | 6 | |
| Frost Wyrm | 5 | |
| Obsidian Statue | 1 | |
| Gryphon Rider | 6 | |
| Mountain Giant | 5 | |
30 total
» upgrades
| Creature Attack | 2 | |
| Creature Carapace | 1 | |
| Freezing Breath | 1 | |
| Masonry | 1 | |
| Hardened Skin | 1 | |
| Resistant Skin | 1 | |
7 total
» buildings
| Altar of Darkness | 1 | |
| Ziggurat | 10 | |
| Crypt | 2 | |
| Nerubian Tower | 3 | |
| Graveyard | 1 | |
| Tomb of Relics | 1 | |
| Halls of the Dead | 2 | |
| Spirit Tower | 6 | |
| Black Citadel | 2 | |
| Sacrificial Pit | 1 | |
| Boneyard | 2 | |
| Slaughterhouse | 1 | |
| Ancient Protector | 5 | |
37 total
» build order
00:07 Altar of Darkness
00:10 Ziggurat
00:39 Crypt
01:05 Ziggurat
01:17 Nerubian Tower
01:40 Graveyard
01:54 Tomb of Relics
02:03 Nerubian Tower
03:28 Halls of the Dead
03:28 Halls of the Dead
03:42 Ziggurat
04:15 Ziggurat
04:26 Ziggurat
04:56 Spirit Tower
05:21 Spirit Tower
05:22 Spirit Tower
05:22 Spirit Tower
05:38 Ziggurat
06:13 Black Citadel
06:13 Black Citadel
06:34 Sacrificial Pit
06:36 Spirit Tower
07:13 Crypt
08:50 Boneyard
08:53 Boneyard
12:50 Ziggurat
12:50 Ziggurat
13:52 Spirit Tower
14:05 Slaughterhouse
19:13 Ziggurat
19:14 Ziggurat
19:56 Ancient Protector
19:57 Ancient Protector
19:57 Ancient Protector
20:34 Nerubian Tower
20:44 Ancient Protector
» items
| Rod of Necromancy | 1 | |
| Staff of Teleportation | 1 | |
| Orb of Corruption | 1 | |
| Scroll of Town Portal | 6 | |
| Scroll of Healing | 1 | |
10 total
Roxark (
yellow | 62 APM | 1175 actions | 19:05)
2 Keeper of the Grove
1 Force of Nature
1 Entangling Roots
2 Warden
1 Fan of Knives
1 Shadow Strike
1 Priestess of the Moon
1 Trueshot Aura
» actions
| Assign group hotkey | 6 | |
| Build / train | 57 | |
| Enter build submenu | 17 | |
| Enter hero's abilities submenu | 5 | |
| Remove unit from queue | 4 | |
| Right click | 463 | |
| Select / deselect | 234 | |
| Select group hotkey | 343 | |
| Use ability | 46 | |
1175 total
» units
» upgrades
| Ultravision | 1 | |
| Well Spring | 1 | |
| Strength of the Wild | 3 | |
| Reinforced Hides | 3 | |
| Corrosive Breath | 1 | |
9 total
» buildings
| Moon Well | 7 | |
| Altar of Elders | 1 | |
| Tree of Ages | 1 | |
| Hunter's Hall | 1 | |
| Tree of Eternity | 1 | |
| Tree of Life | 2 | |
| Ancient of Wind | 1 | |
| Chimaera Roost | 4 | |
18 total
» build order
00:26 Moon Well
00:29 Altar of Elders
01:03 Moon Well
02:13 Tree of Ages
03:30 Hunter's Hall
04:03 Moon Well
04:08 Moon Well
04:35 Tree of Eternity
04:47 Moon Well
06:31 Moon Well
06:38 Tree of Life
07:11 Ancient of Wind
07:59 Moon Well
08:48 Chimaera Roost
08:49 Chimaera Roost
08:51 Chimaera Roost
09:09 Chimaera Roost
10:25 Tree of Life
» items
| Potion of Lesser Invulnerability | 1 | |
| Scroll of Healing | 1 | |
| Scroll of Town Portal | 1 | |
3 total
CaCaMouth (
teal | 38 APM | 716 actions | 18:46)
3 Mountain King
2 Storm Bolt
1 Thunder Clap
3 Paladin
1 Holy Light
1 Divine Shield
1 Devotion Aura
2 Firelord
1 Summon Lava Spawn
1 Incinerate
» actions
| Assign group hotkey | 10 | |
| Basic commands | 4 | |
| Build / train | 49 | |
| Enter build submenu | 23 | |
| Enter hero's abilities submenu | 8 | |
| Give item / drop item | 2 | |
| Right click | 391 | |
| Select / deselect | 165 | |
| Select group hotkey | 2 | |
| Use ability | 60 | |
716 total
» units
| Peasant | 13 | |
| Forest Troll High Priest | 1 | |
| Gryphon Rider | 5 | |
19 total
» upgrades
| Lumber Harvesting | 1 | |
| Swords | 3 | |
| Armor | 2 | |
| Storm Hammers | 1 | |
7 total
» buildings
| Altar of Kings | 1 | |
| Farm | 13 | |
| Arcane Vault | 1 | |
| Keep | 1 | |
| Lumber Mill | 1 | |
| Scout Tower | 3 | |
| Arcane Tower | 1 | |
| Blacksmith | 1 | |
| Gryphon Aviary | 3 | |
| Guard Tower | 2 | |
| Castle | 1 | |
28 total
» build order
00:48 Altar of Kings
00:54 Farm
01:09 Farm
01:47 Arcane Vault
01:56 Farm
02:04 Farm
02:40 Keep
02:51 Lumber Mill
02:57 Scout Tower
03:36 Arcane Tower
03:42 Blacksmith
04:36 Scout Tower
05:11 Gryphon Aviary
05:14 Guard Tower
05:18 Gryphon Aviary
05:43 Castle
06:47 Gryphon Aviary
06:57 Farm
07:54 Farm
08:57 Farm
10:25 Farm
11:23 Scout Tower
11:38 Farm
11:52 Guard Tower
11:58 Farm
12:26 Farm
13:21 Farm
14:50 Farm
» items
| Scroll of Regeneration | 2 | |
| Lesser Clarity Potion | 2 | |
| Potion of Healing | 2 | |
6 total
team 2 (winner)

»
MyNameCuey (
orange | 55 APM | 1549 actions | 28:05)
6 Death Knight
2 Death Coil
3 Unholy Aura
1 Animate Dead
» actions
| Assign group hotkey | 7 | |
| Basic commands | 23 | |
| Build / train | 71 | |
| Enter build submenu | 22 | |
| Enter hero's abilities submenu | 7 | |
| Remove unit from queue | 1 | |
| Right click | 959 | |
| Select / deselect | 358 | |
| Select group hotkey | 37 | |
| Use ability | 62 | |
1549 total
» units
| Acolyte | 11 | |
| Ghoul | 6 | |
| Crypt Fiend | 5 | |
| Frost Wyrm | 14 | |
36 total
» upgrades
| Creature Attack | 3 | |
| Creature Carapace | 3 | |
| Web | 1 | |
| Freezing Breath | 1 | |
8 total
» buildings
| Graveyard | 1 | |
| Crypt | 1 | |
| Altar of Darkness | 1 | |
| Ziggurat | 11 | |
| Tomb of Relics | 1 | |
| Nerubian Tower | 5 | |
| Halls of the Dead | 1 | |
| Sacrificial Pit | 2 | |
| Black Citadel | 1 | |
| Spirit Tower | 4 | |
| Boneyard | 3 | |
31 total
» build order
00:17 Graveyard
00:24 Crypt
00:46 Altar of Darkness
01:02 Ziggurat
01:20 Tomb of Relics
01:45 Ziggurat
02:27 Nerubian Tower
02:37 Ziggurat
05:21 Halls of the Dead
07:05 Ziggurat
07:08 Ziggurat
07:10 Ziggurat
07:20 Ziggurat
07:23 Ziggurat
07:27 Ziggurat
08:07 Sacrificial Pit
08:11 Sacrificial Pit
08:45 Black Citadel
08:48 Nerubian Tower
09:03 Spirit Tower
09:05 Spirit Tower
09:59 Nerubian Tower
10:04 Spirit Tower
10:06 Nerubian Tower
11:45 Boneyard
11:49 Boneyard
11:57 Boneyard
12:02 Ziggurat
12:05 Ziggurat
14:26 Spirit Tower
14:27 Nerubian Tower
» items
| Rod of Necromancy | 1 | |
| Scroll of Healing | 2 | |
| Scroll of Town Portal | 2 | |
| Potion of Healing | 1 | |
| Potion of Mana | 1 | |
| Orb of Corruption | 1 | |
8 total
MORE_PYLONS (
green | 50 APM | 1550 actions | 31:02)
5 Death Knight
3 Death Coil
2 Unholy Aura
» actions
| Assign group hotkey | 171 | |
| Basic commands | 184 | |
| Build / train | 83 | |
| ESC pressed | 2 | |
| Enter build submenu | 36 | |
| Enter hero's abilities submenu | 5 | |
| Give item / drop item | 2 | |
| Remove unit from queue | 5 | |
| Right click | 372 | |
| Select / deselect | 165 | |
| Select group hotkey | 403 | |
| Use ability | 122 | |
1550 total
» units
| Acolyte | 19 | |
| Ghoul | 5 | |
| Crypt Fiend | 2 | |
| Frost Wyrm | 8 | |
34 total
» upgrades
| Creature Attack | 3 | |
| Creature Carapace | 3 | |
| Burrow | 1 | |
| Freezing Breath | 1 | |
8 total
» buildings
| Ziggurat | 15 | |
| Altar of Darkness | 1 | |
| Crypt | 1 | |
| Graveyard | 1 | |
| Nerubian Tower | 2 | |
| Tomb of Relics | 2 | |
| Halls of the Dead | 4 | |
| Spirit Tower | 9 | |
| Black Citadel | 1 | |
| Necropolis | 6 | |
| Sacrificial Pit | 1 | |
| Boneyard | 2 | |
45 total
» build order
00:25 Ziggurat
00:27 Altar of Darkness
00:35 Crypt
01:15 Graveyard
01:18 Nerubian Tower
02:07 Ziggurat
02:49 Tomb of Relics
03:06 Halls of the Dead
04:18 Spirit Tower
05:38 Black Citadel
05:58 Ziggurat
06:38 Necropolis
07:30 Sacrificial Pit
08:43 Ziggurat
08:45 Spirit Tower
08:47 Ziggurat
10:11 Boneyard
10:11 Boneyard
10:37 Nerubian Tower
10:39 Spirit Tower
12:46 Necropolis
12:53 Necropolis
12:55 Necropolis
13:00 Ziggurat
13:05 Tomb of Relics
14:44 Spirit Tower
14:48 Ziggurat
14:52 Ziggurat
15:00 Ziggurat
15:33 Necropolis
20:33 Spirit Tower
21:34 Ziggurat
21:35 Ziggurat
21:37 Ziggurat
22:38 Spirit Tower
22:40 Halls of the Dead
23:31 Necropolis
25:20 Ziggurat
25:22 Ziggurat
25:22 Ziggurat
26:16 Spirit Tower
26:17 Spirit Tower
26:47 Spirit Tower
26:49 Halls of the Dead
26:52 Halls of the Dead
» items
| Rod of Necromancy | 1 | |
| Sacrificial Skull | 1 | |
| Potion of Healing | 4 | |
| Scroll of Town Portal | 2 | |
| Lesser Clarity Potion | 1 | |
| Potion of Mana | 3 | |
| Orb of Corruption | 1 | |
| Scroll of Healing | 1 | |
14 total
UndeadNecropoli (
blue | 95 APM | 2955 actions | 31:03)
7 Death Knight
3 Death Coil
3 Unholy Aura
1 Animate Dead
4 Lich
2 Frost Nova
2 Frost Armor
» actions
| Assign group hotkey | 30 | |
| Basic commands | 212 | |
| Build / train | 129 | |
| ESC pressed | 3 | |
| Enter build submenu | 30 | |
| Enter hero's abilities submenu | 11 | |
| Give item / drop item | 7 | |
| Right click | 1123 | |
| Select / deselect | 353 | |
| Select group hotkey | 905 | |
| Use ability | 152 | |
2955 total
» units
| Acolyte | 14 | |
| Ghoul | 4 | |
| Crypt Fiend | 14 | |
| Gargoyle | 17 | |
49 total
» upgrades
| Creature Attack | 3 | |
| Creature Carapace | 3 | |
| Ghoul Frenzy | 1 | |
| Stone Form | 1 | |
| Unholy Armor | 3 | |
| Unholy Strength | 3 | |
| Destroyer Form | 1 | |
| Disease Cloud | 1 | |
| Banshee Training | 2 | |
| Exhume Corpses | 1 | |
| Backpack | 1 | |
| Necromancer Training | 2 | |
| Skeletal Mastery | 1 | |
| Skeletal Longevity | 1 | |
24 total
» buildings
| Altar of Darkness | 1 | |
| Ziggurat | 14 | |
| Crypt | 5 | |
| Graveyard | 1 | |
| Tomb of Relics | 1 | |
| Nerubian Tower | 2 | |
| Halls of the Dead | 4 | |
| Necropolis | 1 | |
| Black Citadel | 1 | |
| Spirit Tower | 15 | |
| Sacrificial Pit | 1 | |
| Slaughterhouse | 2 | |
| Temple of the Damned | 1 | |
49 total
» build order
00:25 Altar of Darkness
00:29 Ziggurat
00:35 Crypt
00:59 Graveyard
01:16 Tomb of Relics
01:49 Ziggurat
01:50 Ziggurat
02:57 Nerubian Tower
03:45 Ziggurat
04:22 Halls of the Dead
04:22 Halls of the Dead
04:22 Halls of the Dead
06:59 Necropolis
08:06 Crypt
08:07 Crypt
08:08 Crypt
08:33 Crypt
08:54 Ziggurat
08:56 Ziggurat
09:23 Black Citadel
10:00 Nerubian Tower
10:18 Spirit Tower
10:23 Ziggurat
10:26 Ziggurat
11:21 Spirit Tower
11:21 Spirit Tower
11:22 Spirit Tower
11:23 Spirit Tower
12:03 Spirit Tower
12:41 Spirit Tower
12:49 Ziggurat
12:54 Ziggurat
12:56 Ziggurat
13:43 Spirit Tower
14:20 Spirit Tower
14:24 Spirit Tower
17:53 Ziggurat
17:54 Ziggurat
17:57 Ziggurat
19:38 Spirit Tower
19:38 Spirit Tower
19:38 Spirit Tower
20:18 Sacrificial Pit
20:33 Slaughterhouse
20:35 Slaughterhouse
20:37 Temple of the Damned
» items
| Rod of Necromancy | 1 | |
| Scroll of Town Portal | 5 | |
| Orb of Corruption | 2 | |
| Staff of Teleportation | 2 | |
| Boots of Speed | 1 | |
| Potion of Healing | 3 | |
| Potion of Lesser Invulnerability | 1 | |
| Scroll of Healing | 1 | |
16 total

»
Niner_13 (
purple | 28 APM | 861 actions | 31:02)
4 Paladin
2 Devotion Aura
2 Divine Shield
3 Mountain King
1 Thunder Clap
1 Bash
1 Storm Bolt
1 Archmage
1 Brilliance Aura
» actions
| Assign group hotkey | 24 | |
| Build / train | 74 | |
| Enter build submenu | 45 | |
| Enter hero's abilities submenu | 8 | |
| Give item / drop item | 1 | |
| Right click | 343 | |
| Select / deselect | 266 | |
| Select group hotkey | 56 | |
| Use ability | 44 | |
861 total
» units
| Peasant | 16 | |
| Footman | 7 | |
| Assassin | 1 | |
| Rogue | 1 | |
| Rifleman | 6 | |
| Forest Troll High Priest | 1 | |
| Knight | 2 | |
| Priest | 3 | |
37 total
» upgrades
| Swords | 3 | |
| Plating | 4 | |
| Lumber Harvesting | 2 | |
| Animal War Training | 1 | |
| Gunpowder | 2 | |
| Long Rifles | 1 | |
| Priest Training | 2 | |
15 total
» buildings
| Altar of Kings | 1 | |
| Farm | 15 | |
| Barracks | 2 | |
| Scout Tower | 8 | |
| Arcane Tower | 2 | |
| Lumber Mill | 1 | |
| Keep | 1 | |
| Arcane Vault | 1 | |
| Blacksmith | 1 | |
| Guard Tower | 5 | |
| Castle | 1 | |
| Arcane Sanctum | 1 | |
| Town Hall | 1 | |
40 total
» build order
00:09 Altar of Kings
00:18 Farm
00:22 Barracks
01:01 Farm
02:10 Scout Tower
02:19 Farm
02:45 Arcane Tower
03:26 Farm
03:32 Lumber Mill
03:56 Keep
04:12 Arcane Vault
04:21 Blacksmith
05:35 Farm
06:31 Barracks
06:54 Scout Tower
07:38 Scout Tower
07:41 Guard Tower
08:23 Farm
09:00 Castle
09:04 Farm
09:13 Arcane Sanctum
10:24 Guard Tower
10:29 Farm
10:51 Town Hall
11:30 Scout Tower
11:34 Farm
12:38 Scout Tower
12:58 Guard Tower
13:04 Farm
13:14 Guard Tower
13:19 Scout Tower
13:48 Farm
14:41 Scout Tower
15:27 Guard Tower
15:30 Scout Tower
16:23 Arcane Tower
18:30 Farm
22:51 Farm
22:55 Farm
22:57 Farm
» items
| Scroll of Protection | 1 | |
| Staff of Teleportation | 1 | |
2 total
Chat log
(00:20 / All) MORE_PYLONS: cant mass necropolises on this map, shall we standoff this game instead?
(00:30 / All) UndeadNecropoli: sure
(00:35 / Allies) Niner_13: lol
(00:47 / Allies) MORE_PYLONS: 404: lol not found
(01:06 / Allies) UndeadNecropoli: This ain't a joke, sonny boy
(01:11 / Allies) Niner_13: ..
(01:24 / Allies) MORE_PYLONS: dont worry purp
(01:30 / Allies) MORE_PYLONS: just dont ragequit the game and you will be sure to win
(01:32 / All) TURNCOAT-TRAITO: what happens when we die? according to dragonballz we keep our bodies if physically strong
(01:34 / Allies) Niner_13: i wont
(01:36 / Allies) MORE_PYLONS: even if it looks like we're losing, you are still going to win!
(01:40 / Allies) Niner_13: rage quikt
(01:41 / Allies) Niner_13: lol
(02:18 / All) MORE_PYLONS: the confusing-ness of your question is OVER NINE THOUSAND!!!!!!!!!!!!!!1111111111111
(02:29 / Allies) MyNameCuey: units?
(02:34 / Allies) MORE_PYLONS: frosts
(02:37 / Allies) UndeadNecropoli: The good yins
(04:45 / Allies) Niner_13: unitssss
(04:51 / Allies) MORE_PYLONS: frostsssss
(04:56 / Allies) MyNameCuey: same
(04:57 / Allies) Niner_13: thxsss
(05:05 / Allies) UndeadNecropoli: we don't need two frost wyrms, get ground orange
(05:17 / Allies) MyNameCuey: we don't need a lot of things
(05:25 / Allies) MORE_PYLONS: we dont need a lot of sex with ur mom lawl
(05:30 / Allies) MyNameCuey: but we get it!
(07:15 / Allies) MORE_PYLONS: hold up
(10:08 / Allies) Niner_13: can i take
(10:22 / Allies) MyNameCuey: yeah
(11:04 / Allies) MyNameCuey: lol
(16:26 / All) MORE_PYLONS: brb
(16:42 / Allies) MyNameCuey: damn queer
(16:45 / All) TURNCOAT-TRAITO: gold
(16:45 / All) TURNCOAT-TRAITO: plz
(17:14 / All) TURNCOAT-TRAITO: lawl
(17:16 / All) TURNCOAT-TRAITO: shut ujp nigger
(17:50 / All) TURNCOAT-TRAITO: i aint letting yellow rebuild
(17:51 / All) TURNCOAT-TRAITO: he is a nigger
(18:03 / Allies) Niner_13: more acos
(18:04 / All) TURNCOAT-TRAITO: yellow is a tker
(18:10 / All) TURNCOAT-TRAITO: he tked me
(18:18 / All) CaCaMouth: red u nigger
(18:22 / All) TURNCOAT-TRAITO: hes a tker
(18:23 / All) TURNCOAT-TRAITO: man
(19:31 / All) MORE_PYLONS: back
(19:32 / All) MORE_PYLONS: what did I miss
(19:36 / Allies) MyNameCuey: see 2 wyrms dont hurt
(19:44 / Allies) MyNameCuey: you're a dick
(19:49 / Allies) UndeadNecropoli: What 2 wyrms?
(20:36 / All) MORE_PYLONS: ATTENTION EVERYONE
(20:38 / All) MORE_PYLONS: I AM A NIGGER
(20:40 / Allies) Niner_13: uhhh
(20:45 / All) TURNCOAT-TRAITO: lawl
(20:56 / All) MORE_PYLONS: I DONT KNOW THE MEANING OF THIS WORD "STOP"
(21:00 / All) MyNameCuey: that's cold
(21:09 / All) Niner_13: lol
(22:21 / Allies) Niner_13: lets kill t he enemy guyus
(22:28 / Allies) UndeadNecropoli: I'll kill you guys instead.
(22:29 / All) MORE_PYLONS: where is greens army
(22:32 / All) MORE_PYLONS: I need to come kill him
(23:35 / Allies) Niner_13: nice tking guys
(23:36 / Allies) Niner_13: ....
(23:38 / Allies) UndeadNecropoli: Thanks.
(23:41 / Allies) MORE_PYLONS: thanks dude
(23:47 / Allies) UndeadNecropoli: We'll upload the replay to highper.ch so everyone can laugh at you.
(23:58 / Allies) UndeadNecropoli: Your family name is humiliated.
(24:01 / Allies) MORE_PYLONS: Visit teelosdomain.net for all your chaos needs
(24:56 / Allies) MyNameCuey: and now you lose
(25:03 / Allies) UndeadNecropoli: Oh no
(25:04 / Allies) MORE_PYLONS: oh really?
(25:06 / All) TURNCOAT-TRAITO: i raped u guys 1v4!
(25:07 / All) TURNCOAT-TRAITO: lawl
(25:08 / Allies) UndeadNecropoli: What ever will I do on my 0-0 account?
(25:22 / All) Niner_13: ugggh
(26:20 / Allies) Niner_13: i was TK'd so I didnt give a fuck
(26:37 / All) TURNCOAT-TRAITO: god u guys suck
(26:38 / All) TURNCOAT-TRAITO: bad
(26:46 / All) Niner_13: tk
(26:50 / All) TURNCOAT-TRAITO: i tked too
(26:51 / All) Niner_13: both me and ok
(26:52 / All) TURNCOAT-TRAITO: its fair
(26:53 / All) UndeadNecropoli: nothing we could do
(26:54 / All) Niner_13: oj
(26:55 / All) TURNCOAT-TRAITO: i tked
(26:58 / All) TURNCOAT-TRAITO: blame ruself pruple
(27:00 / All) TURNCOAT-TRAITO: for sucking
(27:04 / All) Niner_13: i didnt try to stop
(27:09 / All) MORE_PYLONS: kk unsummoning my bases now
(27:12 / All) TURNCOAT-TRAITO: u couldn't do shit if uw ante dto purple
(27:15 / All) TURNCOAT-TRAITO: i raped ur army
(27:16 / All) Niner_13: cuz ai dont give a fuck
(27:20 / All) Niner_13: stfu
(27:21 / All) TURNCOAT-TRAITO: d
(27:30 / All) UndeadNecropoli: My Internet never fails me
(27:36 / All) TURNCOAT-TRAITO: it hasb efore
(27:38 / All) TURNCOAT-TRAITO: u got errors
(27:50 / All) UndeadNecropoli: That wasn't the Internet, just Windows being a big pile of shit.
(27:58 / Allies) MORE_PYLONS: blue unsummon everything
(28:04 / All) Niner_13: lol
(28:09 / All) TURNCOAT-TRAITO: like i was saying pruple
(28:10 / All) TURNCOAT-TRAITO: i rpaed ur army
(28:40 / All) MORE_PYLONS: hey pur
(28:43 / All) MORE_PYLONS: p
(28:44 / All) MORE_PYLONS: 1v1?
(28:47 / All) Niner_13: wtf is going on
(28:49 / Allies) UndeadNecropoli: I can host
(28:49 / All) Niner_13: hahaha
(28:55 / All) MORE_PYLONS: i can host
(28:58 / All) Niner_13: wutt
(29:03 / All) MORE_PYLONS: 1v1 purp?
(29:15 / All) Niner_13: you can add me as freind
(29:16 / All) TURNCOAT-TRAITO: what did middle drop
(29:18 / All) TURNCOAT-TRAITO: tome?
(29:18 / All) Niner_13: ill do it later
(29:26 / All) Niner_13: im peacing out after this game
(29:28 / All) MORE_PYLONS: LOL PURP DODGING ME
(29:30 / All) MORE_PYLONS: FUCKING DODGER
(29:32 / All) UndeadNecropoli: Dodger
(29:34 / All) Niner_13: ....
(29:36 / All) UndeadNecropoli: You suck ass and you're scared
(29:40 / All) Niner_13: haah
(29:42 / Allies) Niner_13: lol
(29:52 / All) Niner_13: say what you want
(29:58 / All) MORE_PYLONS: OMG WTF
(29:58 / All) Niner_13: i don''t give a flying fuck
(30:03 / All) MORE_PYLONS: LOOK HOW MUCH FUCKING GOLD PURP HAS
(30:05 / All) MORE_PYLONS: OMGOMGOMGOMGOMGOMGOMG
(30:07 / All) MORE_PYLONS: WHAT A NOOB
(30:16 / All) Niner_13: lol
(30:17 / All) TURNCOAT-TRAITO: u suck purple!
(30:21 / All) MORE_PYLONS: HE HAS OVER 8000 GOLD!!!!!!!!!!!!!!!!!!!!!!!!
(30:22 / All) Niner_13: haha
(30:25 / All) Niner_13: lol